 Dungeon Crawl Stone Soup version 0.20.1-1-g8b1a95d (webtiles) character file.

73 raph the Conjurer (level 4, 0/33 HPs)
             Began as a Draconian Conjurer on Aug 25, 2017.
             Slain by an orc wizard
             ... wielding a +0 dagger
              (5 damage)
             ... on level 3 of the Dungeon.
             The game lasted 00:05:32 (2461 turns).

raph the Conjurer (Draconian Conjurer)              Turns: 2461, Time: 00:05:32

Health: 0/33       AC:  5    Str: 10    XL:     4   Next: 8%
Magic:  0/7        EV: 12    Int: 16    God:
Gold:   92         SH:  0    Dex: 12    Spells: 2/8 levels left

rFire    . . .     SeeInvis .   h - +0 short sword
rCold    . . .     Gourm    .   (no shield)
rNeg     . . .     Faith    .   (armour unavailable)
rPois    .         Spirit   .   (helmet restricted)
rElec    .         Reflect  .   (no cloak)
rCorr    .         Harm     .   (no gloves)
MR       .....                  (no boots)
Stlth    ++........             (no amulet)
Regen    0.2/turn               (no ring)
MPRegen  0.1/turn               (no ring)

@: no status effects
A: unfitting armour, cold-blooded, AC +5
a: no special abilities


You were on level 3 of the Dungeon.
You were not hungry.

You visited 1 branch of the dungeon, and saw 3 of its levels.

You collected 92 gold pieces.

Inventory:

Hand Weapons
 h - a +0 short sword (weapon)
Missiles
 n - a throwing net (quivered)
Magical Staves
 r - an uncursed staff of air
Jewellery
 p - a +4 ring of dexterity {unknown}
Scrolls
 c - 3 scrolls of remove curse {unknown}
 g - 3 scrolls of identify {unknown}
 j - 2 scrolls of teleportation {unknown}
 m - a scroll of magic mapping {unknown}
 o - a scroll of recharging {unknown}
Potions
 d - a potion of curing {unknown}
 e - 2 potions of brilliance {unknown}
 i - 2 potions of flight {unknown}
 k - a potion of might {unknown}
 l - a potion of agility {unknown}
 q - a potion of magic {unknown}
 t - a potion of heal wounds {unknown}
Books
 a - a book of Conjurations

   Spells                             Type                      Level
   a - Magic Dart                     Conjuration                  1
   b - Searing Ray                    Conjuration                  2
   c - Dazzling Spray                 Conjuration/Hexes            3
   d - Fulminant Prism                Conjuration/Hexes            4
   e - Force Lance                    Conjuration/Translocation    4
   f - Iskenderun's Mystic Blast      Conjuration                  4
Comestibles
 b - 2 bread rations
 f - 2 royal jellies
 s - a meat ration
 u - 3 chunks of flesh


   Skills:
 - Level 1.9 Dodging
 - Level 1.8 Stealth
 + Level 2.6 Spellcasting
 * Level 5.2 Conjurations


You had 2 spell levels left.
You knew the following spells:

 Your Spells              Type           Power        Failure   Level  Hunger
a - Magic Dart            Conj           ###.         2%          1    #......
b - Searing Ray           Conj           ###...       3%          2    ##.....
c - Dazzling Spray        Conj/Hex       ##....       21%         3    ###....


Dungeon Overview and Level Annotations

Branches:
Dungeon (3/15)

Altars:


Innate Abilities, Weirdness & Mutations

Your plain brown scales are hard. (AC +5)
You cannot fit into any form of body armour.
You are cold-blooded and may be slowed by cold attacks.


Message History

You barely miss the orc wizard.
The orc wizard is heavily wounded.
The orc wizard hits you with a dagger. The orc wizard misses you.
You hit the orc wizard but do no damage.
You tail-slap the orc wizard.
The orc wizard is severely wounded.
The orc wizard points at you and mumbles some strange words.
The puff of flame hits you!
* * * LOW HITPOINT WARNING * * *
You barely miss the orc wizard.
The orc wizard is severely wounded.
The orc wizard hits you but does no damage.
You barely miss the orc wizard.
The orc wizard is severely wounded.
The orc wizard hits you with a dagger.
* * * LOW HITPOINT WARNING * * *
You barely miss the orc wizard.
The orc wizard is severely wounded.
The orc wizard hits you with a dagger.
You die...

#########.
#<........
#o)[....# #.@.....#
####.##############
.# #........... #
#..........#
#..........#
#....>.....#
#.......<..#
#.......)..#
#......g...#


You could see an orc wizard.

Vanquished Creatures
  An adder (D:2)
  2 gnolls (D:3)
  2 dart slugs
  4 orcs
  5 bats
  2 giant cockroaches
  7 goblins
  4 hobgoblins (D:1)
  A quokka (D:2)
  A ball python (D:1)
  A kobold (D:1)
  4 rats
34 creatures vanquished.

Notes
Turn   | Place    | Note
-------+----------+-------------------------------------------
     0 | D:1      | raph the Draconian Conjurer began the quest for the Orb.
     0 | D:1      | Reached XP level 1. HP: 14/14 MP: 3/3
   549 | D:1      | Reached XP level 2. HP: 20/20 MP: 1/5
   771 | D:1      | Learned a level 2 spell: Searing Ray
  1556 | D:2      | Reached XP level 3. HP: 26/26 MP: 1/6
  1835 | D:2      | Learned a level 3 spell: Dazzling Spray
  2045 | D:3      | Reached skill level 5 in Conjurations
  2285 | D:3      | Reached XP level 4. HP: 19/33 MP: 0/7
  2461 | D:3      | Slain by an orc wizard

Skill      XL: |  1  2  3 |
---------------+----------+-----
Conjurations   | 5 |  5.2
Dodging        | |  1.9
Stealth        | |  1.8
Spellcasting   | |  2.6

Action                   |  1- 3 |  4- 6 || total
-------------------------+-------+-------++-------
Melee: Unarmed           |     6 |       ||     6
       Short sword       |     9 |    22 ||    31
       Tailslap          |       |     2 ||     2
 Cast: Magic Dart        |    56 |    11 ||    67
       Searing Ray       |     2 |       ||     2
  Eat: Chunk             |     3 |       ||     3
       Meat ration       |     1 |       ||     1
Armor: Skin              |     6 |     9 ||    15
Dodge: Dodged            |    22 |    12 ||    34
